 Dungeon Crawl Stone Soup version 0.18.1-48-g4cf74bf (webtiles) character file.

3744 Heedrag the Destroyer (level 9, -2/49 HPs)
             Began as a Deep Elf Conjurer on Aug 7, 2016.
             Was a Follower of Vehumet.
             Slain by a komodo dragon (8 damage)
             ... on level 8 of the Dungeon.
             The game lasted 00:16:56 (7554 turns).

Heedrag the Destroyer (Deep Elf Conjurer)           Turns: 7554, Time: 00:16:58

Health: -2/49      AC:  7    Str:  8    XL:     9   Next: 93%
Magic:  1/24       EV: 16    Int: 21    God:    Vehumet [*.....]
Gold:   302        SH:  0    Dex: 15    Spells: 5 memorised, 12 levels left

rFire  . . .     SeeInvis +     q - +3 quarterstaff (chaos)
rCold  . . .     Gourm    .     a - +0 robe
rNeg   . . .     Faith    .     (shield currently unavailable)
rPois  .         Spirit   .     L - +0 helmet {SInv}
rElec  .         Dismiss  .     r - +2 cloak
rCorr  .         Reflect  .     (no gloves)
SustAt .         Harm     .     S - +0 pair of boots
MR     .....                    (no amulet)
Stlth  ++........               (no ring)
                                C - +1 ring of evasion

@: not resistant to hostile enchantments, unstealthy
A: no striking features
a: Renounce Religion


You were on level 8 of the Dungeon.
You worshipped Vehumet.
Vehumet was aware of your devotion.
You were very hungry.

You visited 2 branches of the dungeon, and saw 9 of its levels.

You collected 316 gold pieces.
You spent 14 gold pieces at shops.

Inventory:

Hand Weapons
 n - a +1 dagger of draining
 q - a +3 quarterstaff of chaos (weapon)
 y - the +10 hand axe of Zanwus {antimagic, rF- Str+5 Dex+3}
   (You found it on level 4 of the Dungeon)

   It disrupts the flow of magical energy around spellcasters and certain
   magical creatures (including the wielder).
   It affects your strength (+5).
   It affects your dexterity (+3).
   It makes you vulnerable to fire.
Armour
 a - a +0 robe (worn)
 p - a +0 helmet
 r - a +2 cloak (worn)
 L - a +0 helmet of see invisible (worn)
 S - a +0 pair of boots (worn)
Jewellery
 C - a +1 ring of evasion (left hand)
Wands
 g - a wand of flame (28/48)
 o - a wand of random effects (30/48)
 u - a wand of lightning (7/15)
 H - a wand of lightning (9/15)
 M - a wand of flame (13/48)
 R - a wand of lightning (10/15)
 T - a wand of iceblast (6/15)
 U - a wand of slowing (30/48)
Scrolls
 f - 6 scrolls of identify
 i - 3 scrolls of remove curse {unknown}
 k - a scroll of amnesia {unknown}
 l - a scroll of magic mapping {unknown}
 t - 4 scrolls of teleportation {unknown}
 z - a scroll of fear {unknown}
 D - a scroll of recharging {unknown}
 E - a scroll of vulnerability {unknown}
 I - a scroll of enchant weapon
 J - a scroll of noise {unknown}
 K - a scroll of enchant armour {unknown}
Potions
 e - 2 potions of heal wounds {unknown}
 h - 2 potions of berserk rage {unknown}
 j - 5 potions of curing {unknown}
 v - a potion of might {unknown}
 w - a potion of lignification {unknown}
 A - 2 potions of haste {unknown}
 B - a potion of flight {unknown}
 F - a potion of ambrosia {unknown}
 G - a potion of degeneration
 N - 2 potions of invisibility {unknown}
 Q - 2 potions of resistance {unknown}
Books
 b - a book of Conjurations

   Spells                             Type                      Level
   a - Magic Dart                     Conjuration                  1
   b - Searing Ray                    Conjuration                  2
   c - Dazzling Spray                 Conjuration/Hexes            3
   d - Fulminant Prism                Conjuration/Hexes            4
   e - Iskenderun's Mystic Blast      Conjuration                  4
   f - Iskenderun's Battlesphere      Conjuration/Charms           5
 O - a book of Party Tricks

   Spells                             Type                      Level
   a - Summon Butterflies             Summoning                    1
   b - Apportation                    Translocation                1
   c - Tukima's Dance                 Hexes                        3
   d - Alistair's Intoxication        Transmutation/Poison         5
   e - Invisibility                   Hexes                        6
Comestibles
 c - 12 bread rations
 d - 2 beef jerkies
 m - 3 meat rations
 s - 2 royal jellies
 x - 3 slices of pizza
 P - 2 fruits


   Skills:
 + Level 2.6 Fighting
 + Level 5.3 Dodging
 - Level 2.4 Stealth
 + Level 9.4 Spellcasting
 * Level 11.4 Conjurations
 + Level 8.0 Charms


You had 12 spell levels left.
You knew the following spells:

 Your Spells              Type           Power        Failure   Level  Hunger
a - Magic Dart            Conj           ####         1%          1    None
b - Dazzling Spray        Conj/Hex       ####..       1%          3    None
c - Iskenderun's Mystic   Conj           ######..     1%          4    ##.....
d - Iskenderun's Battles  Conj/Chrm      ######..     3%          5    #####..
e - Summon Butterflies    Summ           #.......     10%         1    None


Dungeon Overview and Level Annotations

Branches:
Dungeon (8/15)             Temple (1/1) D:6
   Lair: D:8-11

Altars:
Ashenzari
Cheibriados
Dithmenos
Elyvilon
Fedhas
Gozag
Kikubaaqudgha
Makhleb
Nemelex Xobeh
Okawaru
Pakellas
Qazlal
Ru
Sif Muna
Trog
Vehumet
Xom
The Shining One

Shops:
D:6 !


Message History

Castin': Iskenderun's Battlesphere Confirm wit' . or Enter, or press ? or * ta list all spells.
Aimin': Iskenderun's Mestic Blast
Press: ? - help, Shift-Dir - straight line, f/p - komodo dragon
Aim: a komodo dragon (moderately wounded) Tha orb o' energy hits tha komodo dragon.
Tha komodo dragon be heavily wounded.
Tha orb o' energy 'splodes!
Yer battlesphere fires!
Tha barrage o' energy hits tha komodo dragon.
Tha komodo dragon be severely wounded.
Tha komodo dragon barely misses ye.
Ye be feelin' very hungry.
Ye hit tha komodo dragon.
Tha komodo dragon be almost dead.
Tha komodo dragon bites ye!!
Ouch! Tha re'lly hurt!
* * * LOW HITPOINT WARNIN'
* * * Tha komodo dragon bites ye!
Ye die... ##### #PPPP. ####### #PPPPPP

#.....##.PPPPPP
#.....#....PPP.
#..@l..)....P..
##############.....#.#......
............##.....### .....
....#######.####*### #...
.##.........# #.# #.
.#########..####.### .#
#.........# ^# #.####.##.#
.# #...........


You could see a komodo dragon and a friendly battlesphere.

Vanquished Creatures
  Pikel (D:8)
  Grinder (D:3)
  A spriggan (D:7)
  3 yaks (D:8)
  2 ice beasts (D:6)
  3 sky beasts
  2 ogres
  3 centaurs
  The ghost of Nahar the Magician, an amateur DEAE of the Shining One (D:3)
  3 giant frogs
  A gnoll sergeant (D:7)
  A scorpion (D:5)
  3 howler monkeys
  A jelly (D:8)
  2 orc priests
  Crazy Yiuf (D:2)
  A giant frog skeleton (D:7)
  9 orc wizards
  2 centaur skeletons
  4 hounds
  Ijyb (D:2)
  Terence (D:3)
  2 iguanas
  5 worker ants
  A hound zombie (D:5)
  2 hound skeletons (D:4)
  A worker ant zombie (D:8)
  Robin (D:2)
  8 adders
  7 gnolls (D:7)
  2 shadow imps
  An ooze (D:3)
  An adder skeleton (D:4)
  A worm (D:3)
  4 dart slugs
  4 giant geckos
  17 orcs
  3 ball pythons
  3 giant cockroaches
  15 goblins
  9 hobgoblins
  11 jackals
  5 kobolds
  A quokka (D:2)
  10 bats
  6 giant newts
  A jackal zombie (D:6)
  7 rats
175 creatures vanquished.

Vanquished Creatures (others)
  7 plants (D:8)
7 creatures vanquished.

Grand Total: 182 creatures vanquished

Notes
Turn   | Place    | Note
--------------------------------------------------------------
     0 | D:1      | Heedrag the Deep Elf Conjurer began the quest for the Orb.
     0 | D:1      | Reached XP level 1. HP: 10/10 MP: 6/6
   401 | D:1      | Reached XP level 2. HP: 15/15 MP: 6/8
   791 | D:2      | Reached skill level 5 in Conjurations
   848 | D:2      | Reached XP level 3. HP: 19/19 MP: 5/10
   896 | D:2      | Learned a level 3 spell: Dazzling Spray
   962 | D:2      | Noticed Ijyb
   970 | D:2      | Killed Ijyb
   970 | D:2      | Reached XP level 4. HP: 17/24 MP: 6/12
  1067 | D:2      | Found a shimmering altar of Xom.
  1258 | D:2      | Reached skill level 6 in Conjurations
  1275 | D:2      | Learned a level 4 spell: Iskenderun's Mystic Blast
  1316 | D:2      | Noticed Robin
  1327 | D:2      | Killed Robin
  1503 | D:2      | Noticed Crazy Yiuf
  1509 | D:2      | Killed Crazy Yiuf
  1509 | D:2      | Reached XP level 5. HP: 28/28 MP: 7/14
  1701 | D:3      | Noticed Nahar's ghost (amateur DEAE)
  1717 | D:3      | Killed Nahar's ghost
  1717 | D:3      | Reached skill level 5 in Spellcasting
  1962 | D:3      | Noticed Grinder
  1972 | D:3      | Learned a level 5 spell: Iskenderun's Battlesphere
  2039 | D:3      | Reached skill level 7 in Conjurations
  2168 | D:3      | Found an oddly glowing altar of Pakellas.
  2203 | D:3      | Reached XP level 6. HP: 32/32 MP: 8/15
  2305 | D:3      | Found an ancient bone altar of Kikubaaqudgha.
  2432 | D:3      | Noticed Terence
  2439 | D:3      | Killed Terence
  2499 | D:3      | Reached skill level 1 in Charms
  2762 | D:4      | Got an ichor-stained hand axe
  2764 | D:4      | Identified the +10 hand axe of Zanwus {antimagic, rF- Str+5 Dex+3} (You found it on level 4 of the Dungeon)
  3220 | D:4      | Found a sacrificial altar of Ru.
  3424 | D:5      | Entered Level 5 of the Dungeon
  3526 | D:5      | Reached XP level 7. HP: 36/36 MP: 14/18
  3549 | D:5      | Reached skill level 8 in Conjurations
  3738 | D:5      | Found a snail-covered altar of Cheibriados.
  4359 | D:3      | Killed Grinder
  4359 | D:3      | Reached skill level 9 in Conjurations
  4359 | D:3      | Reached skill level 5 in Charms
  4359 | D:3      | Reached XP level 8. HP: 36/41 MP: 6/20
  4782 | D:5      | Found a bloodstained altar of Trog.
  4784 | D:5      | Found an iron altar of Okawaru.
  4956 | D:6      | Found Kollej's Distillery.
  4959 | D:6      | Bought a potion of degeneration for 14 gold pieces
  5331 | D:6      | Reached skill level 10 in Conjurations
  5541 | D:6      | Found a staircase to the Ecumenical Temple.
  5550 | Temple   | Entered the Ecumenical Temple
  5561 | Temple   | Became a worshipper of Vehumet
  6253 | D:7      | Reached XP level 9. HP: 46/46 MP: 19/23
  6403 | D:7      | Learned a level 1 spell: Summon Butterflies
  6407 | D:7      | Reached skill level 1 in Fighting
  7085 | D:8      | Reached * piety under Vehumet
  7085 | D:8      | Offered knowledge of Shock by Vehumet.
  7154 | D:8      | Reached skill level 11 in Conjurations
  7343 | D:8      | Noticed Pikel
  7353 | D:8      | Killed Pikel
  7353 | D:8      | Reached skill level 5 in Dodging
  7539 | D:8      | Noticed a komodo dragon
  7554 | D:8      | Slain by a komodo dragon

Skill      XL: |  1  2  3  4  5  6  7  8  9 |
---------------+----------------------------+-----
Conjurations   | 5 6 7 9 10 11 | 11.4
Spellcasting   | 4 5 6 7 8 9 |  9.4
Charms         | 2 5 6 8 |  8.0
Dodging        | 3 5 |  5.3
Fighting       | 2 |  2.6
Stealth        | |  2.4

Action                   |  1- 3 |  4- 6 |  7- 9 || total
-------------------------+-------+-------+-------++-------
Melee: Dagger            |     3 |     4 |       ||     7
       Quarterstaff      |       |    33 |    31 ||    64
 Cast: Magic Dart        |    49 |   169 |   213 ||   431
       Dazzling Spray    |       |     1 |     1 ||     2
       Iskenderun's Batt |       |       |    27 ||    27
       Iskenderun's Myst |       |       |     5 ||     5
  Use: Scroll            |       |     2 |       ||     2
 Stab: Paralysed         |       |       |     1 ||     1
  Eat: Chunk             |       |     7 |    19 ||    26
Armor: Robe              |     1 |    27 |    19 ||    47
Dodge: Dodged            |     4 |    52 |    65 ||   121
